 Dungeon Crawl Stone Soup version 0.31-a0-1300-gb6740aa4e6 (webtiles) character file.

Game seed: 9195342064833363194

23 thriggle the Trooper (level 3, 0/30 HPs)
             Began as a Barachi Fighter on Dec 18, 2023.
             Was a Follower of Lugonu.
             Killed by nerve-wracking pain
             ... invoked by Jessica
              (10 damage)
             ... on level 2 of the Dungeon.
             The game lasted 00:02:46 (734 turns).

thriggle the Trooper (Barachi Fighter)               Turns: 734, Time: 00:02:47

Health: 0/30       AC:  7    Str: 17    XL:     3   Next: 0%
Magic:  3/3        EV:  9    Int:  8    God:    Lugonu [*.....]
Gold:   52         SH:  5    Dex: 13    Spells: 2/2 levels left

rFire   . . .        a - +0 long sword
rCold   . . .        c - +0 buckler
rNeg    . . .        b - +0 scale mail
rPois   .            (no helmet)
rElec   .            (no cloak)
rCorr   .            (no gloves)
SInv    .            (no boots)
Will    .....        (no amulet) Stlth
                     (no ring)
HPRegen 0.25/turn    (no ring)
MPRegen 0.08/turn

%: no passive effects
@: slow
A: amphibious, slowness 1, strong legs 1, +LOS
a: Hop, Renounce Religion, Depart the Abyss


You were on level 2 of the Dungeon.
You worshipped Lugonu.
Lugonu was aware of your devotion.
You visited 1 branch of the dungeon, and saw 2 of its levels.

You collected 52 gold pieces.

Inventory:

Hand Weapons
 a - a +0 long sword (weapon)
 g - a +2 dagger of draining
Missiles
 e - 19 stones
 k - 3 javelins
 n - 3 poisoned darts
Armour
 b - a +0 scale mail (worn)
 c - a +0 buckler (worn)
Scrolls
 f - a scroll of identify {unknown}
 h - a scroll of noise {unknown}
 i - a scroll of teleportation {unknown}
 j - a scroll of poison {unknown}
 l - 2 scrolls of torment {unknown}
 p - a scroll of revelation {unknown}
Potions
 d - a potion of might
 m - a potion of berserk rage {unknown}
 o - a potion of curing {unknown}


   Skills:
 + Level 3.8 Fighting
 + Level 2.7 Long Blades
 + Level 3.8 Armour
 + Level 0.8 Dodging
 + Level 0.8 Stealth
 + Level 3.5 Shields


You had 2 spell levels left.
You didn't know any spells.
Your spell library was empty.

Dungeon Overview and Level Annotations

Branches:
Dungeon (2/15)

Altars:
Lugonu

Annotations:
D:2 Jessica, Sigmund


Innate Abilities, Weirdness & Mutations

You are amphibious.
You cover ground slowly.
You can hop short distances.
You have an extended range of vision and can be seen from far away.


Message History

The jackal bites you but does no damage.
You hit the jackal but do no damage.
Sigmund gestures wildly while chanting.
Sigmund flickers and vanishes!
Deactivating autopickup; reactivate with Ctrl-A.
The jackal misses you. You block the jackal's attack.
You slash the jackal!
You kill the jackal!
Lugonu accepts your kill. The jackal bites you.
You have reached level 3!
Your experience leads to an increase in your attributes!
Increase (S)trength, (I)ntelligence, or (D)exterity?
You feel agile. x2
You miss the jackal. The jackal barely misses you.
The jackal bites you but does no damage.
You barely miss the jackal. You block the jackal's attack.
The jackal bites you but does no damage.
Something hits you.
You barely miss the jackal. The jackal bites you. The jackal barely misses you.
You barely miss the jackal. Something hits you! The jackal barely misses you.
The jackal closely misses you.
You hit the jackal.
The jackal is heavily wounded.
Jessica mumbles some strange words.
Jessica blinks!
Something hits you. The jackal bites you.
Jessica gestures wildly while chanting.
Jessica seems to speed up.
You block the jackal's attack. The jackal attacks as it pursues you!
The jackal bites you.
* * * LOW HITPOINT WARNING * * *
The jackal misses you.
There is a stone staircase leading down here.
The jackal attacks as it pursues you! You block the jackal's attack.
The jackal bites you but does no damage.
The jackal attacks as it pursues you! You block the jackal's attack.
Jessica casts a spell.
Jessica blinks!
Jessica points at you and mumbles some strange words.
Pain shoots through your body!
You die...

############
#..........# #
#.##.......# ##.##
##.##.@.....# ......
...........####
.......###.#...........#
#.....†§.h#........##.#
#<######.hh@.......##.#
#.......)..).##.#
#..##..#####.##.#
#..##..# #.##.#
#..##.... #.##.#
#..##.#### #....#
#.)##.... ###..#
#........ # #..# ##.
#.... .# #..#


You could see Jessica (fast) and 3 jackals.

Vanquished Creatures
  2 bats
  3 giant cockroaches
  A goblin (D:1)
  2 hobgoblins (D:1)
  A jackal (D:2)
  A quokka (D:1)
  7 ball pythons (D:1)
  A frilled lizard (D:1)
  2 kobolds
  2 rats (D:1)
22 creatures vanquished.

Notes
Turn   | Place    | Note
-------+----------+-------------------------------------------
     0 | D:1      | thriggle the Barachi Fighter began the quest for the Orb.
     0 | D:1      | Reached XP level 1. HP: 18/18 MP: 1/1
    72 | D:1      | Reached XP level 2. HP: 25/25 MP: 2/2
   247 | D:1      | Found a faded altar of an unknown god.
   251 | D:1      | Prayed at the altar of an unknown god.
   251 | D:1      | Became a worshipper of Lugonu the Unformed
   251 | D:1      | Reached * piety under Lugonu
   717 | D:2      | Noticed Jessica
   723 | D:2      | Noticed Sigmund
   726 | D:2      | Reached XP level 3. HP: 28/30 MP: 3/3
   734 | D:2      | Killed from afar by Jessica

Illustrated notes

Levels and vault maps discovered:
D:1:      giann_bridges, layout_basic, hellmonk_ecumenical_altar_leap_of_faith
D:2:      layout_loops_ring, uniq_jessica, uniq_crazy_yiuf_cottage, uniq_sigmund

Action                     || total
---------------------------++-------
  Melee: Long sword        ||    62
Ability: Hop               ||     1
 Armour: Scale mail        ||    53
  Dodge: Dodged            ||    39
  Block: Buckler           ||    24

Table legend: (Time is in decaauts)
 A = Elapsed time spent in this place.
 B = Non-inter-level travel time spent in this place.
 C = Inter-level travel time spent in this place.
 D = Time resting spent in this place.
 E = Time spent auto-exploring this place.
 F = Levels seen in this place.
 G = Mean time per level.
                   A        B        C        D        E       F      G
               +--------+--------+--------+--------+--------+-----+--------+
         Total |    875 |    856 |     19 |      0 |    436 |   2 |  437.5 |
       Dungeon |    875 |    856 |     19 |      0 |    436 |   2 |  437.5 |
               +--------+--------+--------+--------+--------+-----+--------+

Top non-repeatable levels by time:
     D:1: 657 daAuts
     D:2: 218 daAuts
